 Dungeon Crawl Stone Soup version 0.25.1-4-g9407a263a5 (webtiles) character file.

Game seed: 11043763112746775432

53986 Erymatos the Severer (level 14, -5/195 HPs)
             Began as a Minotaur Berserker on Nov 25, 2020.
             Was a High Priest of Trog.
             Killed by mirror damage (20 damage)
             ... on level 12 of the Dungeon.
             The game lasted 00:44:14 (18621 turns).

Erymatos the Severer (Minotaur Berserker)          Turns: 18621, Time: 00:44:15

Health: -5/195     AC: 15    Str: 27    XL:     14   Next: 32%
Magic:  13/13      EV:  9    Int:  4    God:    Trog [*****.]
Gold:   1216       SH: 12    Dex: 10    Spells: 13/13 levels left

rFire    . . .     SeeInvis .   p - +6 broad axe (flame)
rCold    . . .     Gourm    .   a - +0 kite shield
rNeg     . . .     Faith    +   T - +0 plate armour
rPois    .         Spirit   .   (helmet restricted)
rElec    .         Reflect  .   E - +2 cloak
rCorr    .         Harm     .   u - +0 pair of gloves
MR       ++...                  M - +0 pair of boots
Stlth    ..........             L - amulet of faith
HPRegen  0.42/turn              D - ring of stealth
MPRegen  0.13/turn              d - ring of protection from magic

@: berserking, corroded, slowed
A: retaliatory headbutt, horns 2
a: Berserk, Trog's Hand, Brothers in Arms, Renounce Religion


You were on level 12 of the Dungeon.
You worshipped Trog.
Trog was extremely pleased with you.
You were very hungry.

You visited 2 branches of the dungeon, and saw 18 of its levels.
You also visited: Volcano.

You collected 1485 gold pieces.
You spent 269 gold pieces at shops.

Inventory:

Hand Weapons
 p - a +6 broad axe of flaming (weapon)
 I - a +4 vampiric war axe
 W - a +0 morningstar of freezing
 Y - a +1 demon whip of flaming
Armour
 a - a +0 kite shield (worn)
 h - a +3 scale mail of fire resistance
 u - a +0 pair of gloves (worn)
 E - a +2 cloak (worn)
 M - a +0 pair of boots (worn)
 T - a +0 plate armour (worn)
Jewellery
 d - a ring of protection from magic (right hand)
 e - an uncursed ring of resist corrosion
 w - an uncursed amulet of guardian spirit {unknown}
 D - a ring of stealth (left hand)
 L - an amulet of faith (around neck)
Wands
 x - a wand of random effects (17)
 y - a wand of polymorph (21)
 N - a wand of digging (10)
Scrolls
 g - a scroll of immolation
 i - a scroll of random uselessness {unknown}
 j - 6 scrolls of blinking
 k - 12 scrolls of teleportation
 m - 12 scrolls of remove curse
 o - 7 scrolls of enchant armour
 s - 3 scrolls of magic mapping
 v - 8 scrolls of identify
 z - 5 scrolls of fog {unknown}
 H - 2 scrolls of silence {unknown}
 K - a scroll of brand weapon {unknown}
Potions
 b - a potion of haste
 f - 6 potions of heal wounds
 l - 2 potions of cancellation
 n - 4 potions of might
 q - 4 potions of flight {unknown}
 r - 4 potions of stabbing {unknown}
 t - 9 potions of curing
 C - 2 potions of mutation {unknown}
 P - 4 potions of berserk rage {unknown}
 Q - 2 potions of degeneration {unknown}
 R - 2 potions of resistance
 S - 2 potions of brilliance {unknown}
 U - a potion of ambrosia {unknown}
 Z - 2 potions of lignification {unknown}
Comestibles
 c - 35 rations
 A - 2 chunks of flesh


   Skills:
 + Level 13.7 Fighting
 + Level 18.2 Axes
 + Level 14.6 Armour
 + Level 5.5 Dodging
 + Level 1.9 Stealth
 + Level 10.0 Shields


You had 13 spell levels left.
You didn't know any spells.
Your spell library was empty.

Dungeon Overview and Level Annotations

Branches:
Dungeon (12/15)            Temple (0/1) D:5            Lair (6/6) D:11
 Shoals (0/4) Lair:3       Spider (0/4) Lair:3        Slime (0/5) Lair:6
    Orc (0/2) D:9         Volcano (visited)

Altars:
Elyvilon
Okawaru
Sif Muna

Shops:
D:4 ?}(?(

Annotations:
D:7 Blork the orc


Innate Abilities, Weirdness & Mutations

You reflexively headbutt those who attack you in melee.
You have a pair of horns on your head.


Message History

You slash the phantom! You burn the phantom.
You destroy the phantom!
Trog accepts your kill.
The death knight hits you with a +0 halberd.
* * * LOW HITPOINT WARNING * * *
The acid dragon bites you but does no damage.
The acid dragon claws you but does no damage.
You hit the death knight. You burn the death knight.
You headbutt the death knight.
The death knight is severely wounded.
You hit the acid dragon. You burn the acid dragon.
The death knight reflects your damage back at you!
* * * LOW HITPOINT WARNING * * *
The death knight hits you with a +0 halberd!!
* * * LOW HITPOINT WARNING * * *
You slice the death knight!! You burn the death knight.
You kill the death knight!
Trog accepts your kill.
You closely miss the acid dragon.
Your damage is reflected back at you!
You die...

#.# #.#
####'####
#..†....##
#...†....#
###...††...####
>...............
............#...
.......D@...# ..
.###...)....#
#......5.#
#........#.#
........./...
#.#<...#......
..####. .###...
#. .# ...


You could see an acid dragon and a quasit.

Vanquished Creatures
  A death knight (D:12)
  6 hydras
  Erica (Lair:2)
  A centaur warrior (D:11)
  3 two-headed ogres
  The ghost of dasteron the Cleaver, a novice HOBe of Trog (D:6)
  An unseen horror (D:11)
  2 spectral centaurs (D:9)
  2 manticores
  A cyclops (D:11)
  2 black mambas
  Joseph (D:7)
  A torpor snail (Lair:4)
  6 orange demons (D:11)
  13 spiny frogs
  A komodo dragon (Lair:2)
  2 centaur skeletons (D:11)
  An efreet (Volcano)
  A rime drake (Lair:5)
  A freezing wraith (D:12)
  2 red devils (D:11)
  A queen bee (shapeshifter) (D:8)
  A troll (D:9)
  6 hornets (Lair:6)
  5 polar bears
  A jumping spider (Lair:3)
  Prince Ribbit (D:5)
  17 blink frogs
  3 dream sheep
  9 hippogriffs
  14 spriggans (Lair:6)
  6 redbacks (Lair:3)
  37 yaks
  3 wraiths
  A wyvern (Lair:5)
  3 basilisks (Lair:2)
  A fire elemental (Volcano)
  3 vampire mosquitoes (D:12)
  An acid dragon (D:11)
  A soldier ant (D:11)
  10 water moccasins
  8 porcupines
  4 orc warriors
  2 sky beasts
  5 black bears (Lair:6)
  2 ice beasts
  6 phantoms
  An eye of draining (D:12)
  4 ogres
  41 wolves
  2 boggarts (Lair:6)
  6 centaurs
  11 crocodiles
  5 big kobolds
  3 earth elementals (Volcano)
  18 bullfrogs
  4 scorpions
  A howler monkey (D:10)
  11 crimson imps
  A quasit (D:7)
  2 bullfrog zombies
  2 jellies
  3 bullfrog skeletons
  3 orc priests
  A hound (D:4)
  12 orc wizards
  4 iguanas
  5 worker ants
  A bullfrog simulacrum (D:9)
  A hound skeleton (D:9)
  A worker ant zombie (D:8)
  8 adders
  4 shadow imps
  An adder skeleton (D:7)
  5 worms
  2 dart slugs
  2 leopard geckos
  34 orcs
  4 bats
  6 giant cockroaches
  5 hobgoblins
  8 jackals
  5 quokkas
  A ball python (D:2)
  11 frilled lizards
  11 goblins
  A jackal skeleton (D:8)
  15 kobolds
  A leopard gecko skeleton (D:7)
  A quokka skeleton (D:7)
  A quokka zombie (D:7)
  4 rats
  A fire vortex (Volcano)
  4 fungi
  4 plants
483 creatures vanquished.

Vanquished Creatures (collateral kills)
  3 hydras
  A two-headed ogre (D:11)
  The ghost of Allula97 the Skirmisher, a novice DsMo of Okawaru (D:9)
  3 oklob plants (Lair:6)
  A spectral centaur (D:9)
  A molten gargoyle (Volcano)
  An efreet (Volcano)
  A komodo dragon (Lair:1)
  3 fire elementals (Volcano)
  6 wolves (Lair:1)
  A spectral wyvern (D:9)
  An earth elemental (Volcano)
  A fire vortex (Volcano)
24 creatures vanquished.

Vanquished Creatures (others)
  2 fire vortices (Volcano)
  3 fungi (Lair:6)
  4 plants
9 creatures vanquished.

Grand Total: 516 creatures vanquished

Notes
Turn   | Place    | Note
-------+----------+-------------------------------------------
     0 | D:1      | Erymatos the Minotaur Berserker began the quest for the
                  | Orb.
     0 | D:1      | Reached XP level 1. HP: 19/19 MP: 0/0
   248 | D:1      | Reached skill level 4 in Axes
   471 | D:1      | Reached XP level 2. HP: 26/26 MP: 1/1
   673 | D:1      | Found an iron altar of Okawaru.
   938 | D:2      | Reached XP level 3. HP: 25/33 MP: 2/2
  1708 | D:3      | Reached ** piety under Trog
  1708 | D:3      | Reached skill level 5 in Axes
  1708 | D:3      | Reached XP level 4. HP: 39/40 MP: 3/3
  1842 | D:3      | Found a white marble altar of Elyvilon.
  2121 | D:3      | Reached XP level 5. HP: 13/46 MP: 4/4
  2799 | D:4      | Found Xaommofo's Magic Scroll Boutique.
  2820 | D:4      | Bought a scroll of noise for 14 gold pieces
  2820 | D:4      | Bought a scroll of teleportation for 42 gold pieces
  2820 | D:4      | Bought a scroll of remove curse for 42 gold pieces
  2820 | D:4      | Bought a scroll of identify for 28 gold pieces
  2823 | D:4      | Reached skill level 6 in Axes
  2960 | D:4      | Found Tiojek's Gadget Boutique.
  3018 | D:4      | Reached XP level 6. HP: 46/52 MP: 5/5
  3155 | D:4      | Found Omeuma's Magic Scroll Emporium.
  3258 | D:4      | Found Ethrenwamp's Weapon Shop.
  3357 | D:4      | Found Mumoti's Antique Weapon Shop.
  3552 | D:4      | Reached skill level 7 in Axes
  3899 | D:5      | Entered Level 5 of the Dungeon
  3907 | D:5      | Found a staircase to the Ecumenical Temple.
  3947 | D:5      | Reached skill level 5 in Armour
  4229 | D:5      | Noticed Prince Ribbit
  4240 | D:5      | Killed Prince Ribbit
  4240 | D:5      | Reached XP level 7. HP: 60/60 MP: 6/6
  4421 | D:5      | Reached skill level 5 in Fighting
  4528 | D:5      | Reached *** piety under Trog
  4928 | D:6      | Reached skill level 8 in Axes
  5088 | D:6      | Reached XP level 8. HP: 69/69 MP: 7/7
  5118 | D:6      | Found a runed translucent door.
  5222 | D:6      | Reached skill level 9 in Axes
  5854 | D:6      | Noticed dasteron's ghost (novice HOBe)
  5977 | D:6      | Killed dasteron's ghost
  5977 | D:6      | Reached skill level 10 in Axes
  5977 | D:6      | Reached XP level 9. HP: 75/75 MP: 8/8
  6197 | D:7      | Noticed Joseph
  6204 | D:7      | Reached skill level 11 in Axes
  6213 | D:7      | Killed Joseph
  6409 | D:7      | Reached **** piety under Trog
  6605 | D:7      | Noticed Blork the orc
  6611 | D:7      | Found a shimmering blue altar of Sif Muna.
  6990 | D:7      | Reached skill level 1 in Stealth
  7212 | D:4      | Bought a runed war axe for 143 gold pieces
  7367 | D:8      | Noticed a queen bee
  7382 | D:8      | Killed a queen bee
  7500 | D:8      | Reached skill level 12 in Axes
  7656 | D:8      | Reached XP level 10. HP: 86/86 MP: 9/9
  7664 | D:8      | Reached skill level 1 in Shields
  7900 | D:8      | Noticed a two-headed hydra
  7908 | D:8      | Killed a five-headed hydra
  7944 | D:8      | Reached skill level 10 in Armour
  7971 | D:8      | Noticed a manticore
  7981 | D:8      | Killed a manticore
  7981 | D:8      | Reached skill level 13 in Axes
  8137 | D:8      | Noticed a two-headed ogre
  8148 | D:8      | Killed a two-headed ogre
  8436 | D:9      | Found a runed translucent gate.
  8436 | D:9      | Found a runed translucent gate.
  8436 | D:9      | Found a runed translucent gate.
  8436 | D:9      | Noticed Allula97's ghost (novice DsMo)
  8436 | D:9      | Noticed a spectral centaur warrior
  8436 | D:9      | Noticed a spectral centaur warrior
  8965 | D:9      | Found a staircase to the Orcish Mines.
  9053 | D:9      | Killed a spectral centaur warrior
  9054 | D:9      | Killed a spectral centaur warrior
  9058 | D:9      | Reached XP level 11. HP: 97/97 MP: 10/10
  9058 | D:9      | Killed Allula97's ghost
  9134 | D:10     | Entered Level 10 of the Dungeon
  9215 | D:10     | Reached skill level 14 in Axes
  9222 | D:10     | Reached ***** piety under Trog
  9431 | D:10     | Noticed a two-headed ogre
  9440 | D:10     | Killed a two-headed ogre
  9667 | D:11     | Found a staircase to the Lair.
  9831 | D:11     | Reached skill level 10 in Fighting
  9842 | D:11     | Noticed a seven-headed hydra
  9849 | D:11     | Killed an eight-headed hydra
  9860 | D:11     | Noticed a two-headed ogre
  9864 | D:11     | Killed an unseen horror
  9864 | D:11     | Reached skill level 15 in Axes
  9864 | D:11     | Reached skill level 5 in Shields
  9864 | D:11     | Killed a two-headed ogre
 10197 | D:11     | Reached skill level 5 in Dodging
 10292 | D:11     | Received a gift from Trog
 10406 | D:11     | Noticed a two-headed ogre
 10421 | D:11     | Killed a two-headed ogre
 10421 | D:11     | Reached XP level 12. HP: 108/108 MP: 11/11
 10611 | D:11     | Noticed a centaur warrior
 10714 | D:11     | Killed a centaur warrior
 10851 | Lair:1   | Entered Level 1 of the Lair of Beasts
 10889 | Lair:1   | Noticed a four-headed hydra
 10893 | Lair:1   | Reached skill level 16 in Axes
 10915 | Lair:1   | Killed an 11-headed hydra
 11323 | Lair:1   | Noticed a five-headed hydra
 11338 | Lair:1   | Killed a 12-headed hydra
 11948 | Lair:2   | Found a dark tunnel.
 11956 | Volcano  | Entered a volcano
 13018 | Lair:2   | Noticed Erica
 13027 | Lair:2   | Killed Erica
 13516 | Lair:3   | Found a staircase to the Shoals.
 13607 | Lair:3   | Found a hole to the Spider Nest.
 13687 | Lair:3   | Reached XP level 13. HP: 118/118 MP: 12/12
 14524 | Lair:4   | Found a runed translucent door.
 14959 | Lair:4   | Got a polished falchion
 14962 | Lair:4   | Identified the +2 falchion of Olar Isu {drain, rF+ Stlth+}
                  | (You found it on level 4 of the Lair of Beasts)
 16464 | Lair:6   | Entered Level 6 of the Lair of Beasts
 16570 | Lair:6   | Reached skill level 17 in Axes
 17209 | Lair:6   | Received a gift from Trog
 17286 | Lair:6   | Found a staircase to the Slime Pits.
 17474 | Lair:6   | Reached XP level 14. HP: 129/129 MP: 13/13
 17641 | Lair:6   | Reached skill level 18 in Axes
 18373 | Lair:6   | Received a gift from Trog
 18613 | D:12     | Reached skill level 10 in Shields
 18621 | D:12     | Killed by mirror damage

Illustrated notes

Levels and vault maps discovered:
D:1:      onia_arrival_mini_maze, layout_rooms, okawaru_ov_weapons_minmay
D:2:      layout_basic
D:3:      layout_loops_cross, elyvilon_altar_5
D:4:      layout_basic, serial_shops, nicolae_shop_statue_plus, shop,
          nicolae_shop_statue_plus, nicolae_shop_competitors_out_of_business,
          shop, first_ration, chequers_serial_rivers_micro_e
D:5:      layout_gridville, minmay_temple_entry_ruins, serial_bayou,
          serial_bayou_crossing, serial_bayou_pond_d, serial_bayou_ford_a,
          serial_bayou_lagoon_a, uniq_prince_ribbit1
D:6:      layout_cave_pods, ebering_ghost_reflecting_pool, minmay_parallelograms
D:7:      layout_layer_cave, tgw_sif, uniq_joseph
D:8:      layout_basic, hangedman_ranch [blue_anna_fruit_fields], kb_rosetta
D:9:      layout_roguey, orc_0_dummy, serial_glass, glass_columns_b,
          glass_columns_a, gammafunk_ghost_necromancy
D:10:     layout_cave_pools, nicolae_straight_to_the_point
D:11:     layout_rooms, lair_entry_dummy, minmay_beelzebubs_servants
D:12:     layout_basic, serial_shops, nicolae_shop_waterfront
Lair:1:   layout_roguey, grunt_forest_large_clearings, uniq_urug
Lair:2:   layout_long_grid, lightli_volcano_entry_magma_tube, serial_bayou,
          serial_bayou_pond_c, serial_bayou_shore_b, serial_bayou_pond_d,
          serial_bayou_pond_e, serial_bayou_pond_e, hibernation_bobbens,
          uniq_erica
Lair:3:   layout_gridlike, minmay_shoals_entry_beasts,
          nicolae_spider_entry_tight_spaces
Lair:4:   layout_hall_layers, pf_torpor_hydra, grunt_megastairs_2
Lair:5:   layout_small_grid
Lair:6:   minmay_lair_end_enchanted_forest, layout_regular_city, slime_dummy,
          minmay_lair_oklob_chamber

Skill      XL: |  1  2  3  4  5  6  7  8  9 10 11 12 13 14 |
---------------+-------------------------------------------+-----
Axes           | 4 5 6 7 8 10 12 13 15 16 17 18 | 18.2
Fighting       | 4 5 6 7 9 10 12 13 | 13.7
Armour         | 3 4 5 6 7 9 10 11 13 14 | 14.6
Dodging        | 3 4 5 |  5.5
Stealth        | 1 |  1.9
Shields        | 3 6 8 9 10 | 10.0

Action                   |  1- 3 |  4- 6 |  7- 9 | 10-12 | 13-15 || total
-------------------------+-------+-------+-------+-------+-------++-------
Melee: Hand axe          |    86 |   113 |   220 |       |       ||   419
       Headbutt          |    11 |    18 |    58 |   111 |   104 ||   302
       War axe           |       |       |    85 |   502 |   127 ||   714
       Broad axe         |       |       |       |       |   346 ||   346
Invok: Berserk           |     2 |     3 |     5 |     7 |     6 ||    23
       Brothers in Arms  |       |       |       |    11 |     4 ||    15
       Trog's Hand       |       |       |       |     2 |     1 ||     3
  Use: Scroll            |       |       |     9 |     8 |     4 ||    21
       Potion            |       |       |       |     1 |       ||     1
 Stab: Sleeping          |     2 |       |       |       |       ||     2
  Eat: Chunk             |     4 |     6 |    16 |    18 |    19 ||    63
       Ration            |       |     1 |       |     4 |     1 ||     6
Armor: Animal skin       |     5 |       |       |       |       ||     5
       Chain mail        |    23 |    56 |   165 |    88 |       ||   332
       Plate armour      |       |       |       |   213 |   199 ||   412
Dodge: Dodged            |    35 |    35 |   111 |   155 |   109 ||   445
Block: Kite shield       |       |       |    19 |   287 |   215 ||   521
